 Dungeon Sprint DCSS version 0.31-a0-1412-g7b7c7d10e1 (webtiles) character file.

Game seed: 16699609305611064376

13332 Groucho the Unseen (level 11, -18/60 HPs)
             Began as a Spriggan Earth Elementalist on Dec 26, 2023.
             Was the Champion of Sif Muna.
             Demolished by a minotaur (78 damage)
             ... in the Dungeon (Sprint VII: "The Pits").
             The game lasted 00:31:02 (12144 turns).

Groucho the Unseen (Spriggan Earth Elementalist)   Turns: 12144, Time: 00:31:03

Health: -18/60     AC:  2    Str: 10    XL:     11   Next: 74%
Magic:  18/25      EV:  4    Int: 22    God:    Sif Muna [******]
Gold:   55         SH:  0    Dex: 15    Spells: 2/28 levels left

rFire   . . .        o - +3 dagger
rCold   . . .        (no shield)
rNeg    . . .        a - +0 robe
rPois   .            (helmet restricted)
rElec   .            (no cloak)
rCorr   .            (gloves unavailable)
SInv    +            (boots unavailable)
Will    +....        (no amulet)
Stlth   +++++++      h - +3 ring of strength
HPRegen 0.30/turn    p - +3 ring of strength
MPRegen 0.19/turn

%: no teleportation
@: sleeping, very quick
A: very small, no large weapons, unfitting armour, see invisible, speed 3
a: Renounce Religion, Channel Magic, Forget Spell, Divine Exegesis


You were in the Dungeon.
You worshipped Sif Muna.
Sif Muna was exalted by your worship.
You visited 1 branch You collected 55 gold pieces.

Inventory:

Hand Weapons
 m - a +2 long sword of flaming
 o - a +3 dagger (weapon)
 s - a +2 rapier of distortion
 t - a +2 scimitar of holy wrath
Missiles
 n - 3 throwing nets
Armour
 a - a +0 robe (worn)
Jewellery
 d - a ring of protection from cold
 g - a ring of protection from cold
 h - a +3 ring of strength (left hand)
 p - a +3 ring of strength (right hand)
Scrolls
 j - 2 scrolls of vulnerability
 k - 5 scrolls of amnesia
 l - a scroll of butterflies
 v - 4 scrolls of identify
 w - 2 scrolls of fear
 y - 4 scrolls of enchant armour
 A - 2 scrolls of blinking
 B - 2 scrolls of enchant weapon
Potions
 b - 3 potions of magic
 c - 10 potions of curing
 e - 3 potions of haste
 f - 4 potions of berserk rage
 i - a potion of invisibility
 q - 2 potions of might
 r - 2 potions of mutation
 u - a potion of lignification
 x - 2 potions of resistance
 z - 4 potions of heal wounds


   Skills:
 - Level 8.0 Fighting
 - Level 10.0 Short Blades
 - Level 12.0 Dodging
 - Level 18.0 Stealth
 - Level 9.0 Spellcasting
 - Level 12.0 Conjurations
 + Level 13.2 Earth Magic
 - Level 8.0 Alchemy


You had 2 spell levels left.
You knew the following spells:

 Your Spells              Type           Power      Damage    Failure   Level
a - Sandblast             Erth           100%       2d20      1%          1
b - Stone Arrow           Conj/Erth      100%       3d13      1%          3
c - Petrify               Alch/Erth      54%        N/A       1%          4
d - Mephitic Cloud        Conj/Alch/Air  39%        N/A       1%          3
e - Brom's Barrelling Bo  Conj/Erth      60%        2d8       1%          4
f - Lee's Rapid Deconstr  Erth           31%        3d16*     1%          5
g - Iskenderun's Battles  Conj           58%        2d11      1%          5
h - Magic Dart            Conj           100%       1d8       1%          1

Your spell library contained the following spells:

 Spells                   Type           Power      Damage    Failure   Level
 Kiss of Death            Conj/Necr      100%       2d13      1%          1
 Shock                    Conj/Air       100%       1d9       1%          1
 Sting                    Conj/Alch      100%       1d9       1%          1
 Passwall                 Alch/Erth      45%        N/A       1%          2
 Static Discharge         Conj/Air       72%        3-6/arc   1%          2
 Cigotuvi's Dreadful Rot  Necr/Alch/Air  42%        N/A       3%          2
 Apportation              Tloc           18%        N/A       7%          1
 Necrotise                Necr           36%        1d5       7%          1
 Slow                     Hex            36%        N/A       7%          1
 Summon Small Mammal      Summ           36%        N/A       7%          1
 Dazzling Flash           Conj/Hex       72%        N/A       1%          3
 Hailstorm                Conj/Ice       36%        3d9       1%          3
 Fulminant Prism          Conj/Alch      26%        3d14      1%          4
 Leda's Liquefaction      Alch/Erth      27%        N/A       1%          4
 Olgreb's Toxic Radiance  Alch           45%        N/A       2%          4
 Animate Armour           Summ/Erth      78%        N/A       4%          4
 Flame Wave               Conj/Fire      36%        2d10      5%          4
 Iskenderun's Mystic Bla  Conj/Tloc      36%        2d9       5%          4
 Bombard                  Conj/Erth      30%        9d5       6%          6
 Sticky Flame             Fire/Alch      27%        2d7       13%         4
 Fireball                 Conj/Fire      18%        3d9       16%         5
 Call Canine Familiar     Summ           9%         N/A       21%         3
 Frozen Ramparts          Ice            18%        1d3       21%         3
 Yara's Violent Unravell  Hex/Alch       13%        3d7       34%         5
 Orb of Destruction       Conj           29%        9d9       38%         7
 Summon Lightning Spire   Summ/Air       9%         N/A       54%         4
 Vhi's Electric Charge    Tloc/Air       18%        N/A       54%         4
 Conjure Ball Lightning   Conj/Air       18%        3x3d6     65%         6
 Metabolic Englaciation   Hex/Ice        4%         N/A       88%         5
 Silence                  Hex/Air        4%         N/A       88%         5
 Spellforged Servitor     Conj/Summ      18%        N/A       99%         7
 Summon Cactus Giant      Summ           4%         N/A       100%        6
 Maxwell's Capacitive Co  Air            4%         ∞         100%        8
 Shatter                  Erth           31%        3d25*     100%        9


Dungeon Overview and Level Annotations

Branches:
Dungeon (1/1)

Altars:
Ashenzari
Cheibriados
Dithmenos
Elyvilon
Fedhas
Gozag
Hepliaklqana
Kikubaaqudgha
Makhleb
Nemelex Xobeh
Okawaru
Qazlal
Ru
Sif Muna
Trog
Uskayaw
Vehumet
Wu Jian
Xom
Yredelemnul
Zin
The Shining One
Jiyva
Lugonu


Innate Abilities, Weirdness & Mutations

You are very small and have problems with some larger weapons.
You are too small for most types of armour.
You have supernaturally acute eyesight. (SInv)
You cover ground extremely quickly. (Speed+++)


Message History

The magic dart hits the tarantella!
The tarantella is moderately wounded.
Your battlesphere fires!
The barrage of energy hits the tarantella!
The tarantella is severely wounded.
Unknown command.
Casting: Magic Dart (safe; 1% risk of failure)
Confirm with . or Enter, or press ? or * to list all spells.
Aiming: Magic Dart (safe; 1% risk of failure)
Press: ? - help, Shift-Dir - straight line, f/p - tarantella
Aim: a tarantella (severely wounded, 100% to hit)
The magic dart hits the tarantella.
The tarantella is severely wounded.
Your battlesphere fires!
The barrage of energy hits the tarantella!!
You kill the tarantella!
Sif Muna accepts your kill.
The dream sheep ruffle their wool and motes of dream dust sparkle, to no effect.
Unknown command.
Casting: Magic Dart (safe; 1% risk of failure)
Confirm with . or Enter, or press ? or * to list all spells.
You can't see any susceptible monsters within range! (Use Z to cast anyway.) Unknown command.
Casting: Magic Dart (safe; 1% risk of failure)
Confirm with . or Enter, or press ? or * to list all spells.
Aiming: Magic Dart (safe; 1% risk of failure)
Press: ? - help, Shift-Dir - straight line, f - dream sheep
Aim: a dream sheep (100% to hit)
The magic dart hits the dream sheep.
The dream sheep is lightly wounded.
Your battlesphere fires!
The barrage of energy hits the minotaur.
The minotaur is lightly wounded.
The dream sheep shake their wool and sparkle.
You feel drowsy...
You fall asleep.
The dream sheep headbutts your battlesphere.
A dream sheep comes into view.
The minotaur hits you!!!!
Ouch! That really hurt!
You die...

#########################+#
.................*.Y...Y..#
..).............@HY.Y.....#
########++##############..#
#..# #Ys# #H.# #Y.# #.Y#
#..# #..#


You could see a minotaur, 4 dream sheep and a friendly battlesphere.

Vanquished Creatures
  Polyphemus (D)
  3 hydras (D)
  An alligator snapping turtle (D)
  A two-headed ogre (D)
  A deep troll (D)
  A flayed ghost (D)
  A deep elf zephyrmancer (D)
  A lindwurm (D)
  2 cyclopes (D)
  A merfolk siren (D)
  2 gargoyles (D)
  A molten gargoyle (D)
  A rime drake (D)
  A red devil (D)
  An ice devil (D)
  A guardian mummy (D)
  A polar bear (D)
  2 tarantellas (D)
  A merfolk (D)
  3 blink frogs (D)
  4 shadows (D)
  A ynoxinul (D)
  A wyvern (D)
  Grum (D)
  A basilisk (D)
  A steam dragon (D)
  An orc warrior (D)
  A swamp drake (D)
  2 sky beasts (D)
  8 wolves (D)
  A small abomination (D)
  A phantom (D)
  A brain worm (D)
  2 gnoll sergeants (D)
  A scorpion (D)
  A wight (D)
  An orc priest (D)
  A gnoll bouda (D)
  An iron imp (D)
  2 iguanas (D)
  2 orc wizards (D)
  16 gnolls (D)
  2 white imps (D)
  An adder zombie (D)
  2 worms (D)
  6 orcs (D)
  2 endoplasms (D)
  A giant cockroach (D)
  2 hobgoblins (D)
  3 jackals (D)
  2 quokkas (D)
  A jackal skeleton (D)
  A quokka zombie (D)
101 creatures vanquished.

Vanquished Creatures (others)
  A boulder (D)
1 creature vanquished.

Grand Total: 102 creatures vanquished

Notes
Turn   | Place    | Note
-------+----------+-------------------------------------------
     0 | D        | Groucho the Spriggan Earth Elementalist began the quest for
                  | the Orb.
     0 | D        | Reached XP level 1. HP: 9/9 MP: 5/5
    39 | D        | Found a glowing golden altar of the Shining One.
    39 | D        | Found a glowing silver altar of Zin.
    39 | D        | Found a basalt altar of Yredelemnul.
    39 | D        | Found a shimmering altar of Xom.
    39 | D        | Found an ornate altar of the Wu Jian Council.
    39 | D        | Found a bloodstained altar of Trog.
    39 | D        | Found a shimmering blue altar of Sif Muna.
    39 | D        | Found a sacrificial altar of Ru.
    39 | D        | Found a stormy altar of Qazlal.
    39 | D        | Found an iron altar of Okawaru.
    39 | D        | Found a sparkling altar of Nemelex Xobeh.
    39 | D        | Found a burning altar of Makhleb.
    39 | D        | Found a viscous altar of Jiyva.
    39 | D        | Found a hazy altar of Hepliaklqana.
    39 | D        | Found an opulent altar of Gozag.
    39 | D        | Found a blossoming altar of Fedhas.
    39 | D        | Found a white marble altar of Elyvilon.
    39 | D        | Found a shadowy altar of Dithmenos.
    39 | D        | Found a snail-covered altar of Cheibriados.
    40 | D        | Found a radiant altar of Vehumet.
    40 | D        | Found a corrupted altar of Lugonu.
    41 | D        | Found a hide-covered altar of Uskayaw.
    41 | D        | Found an ancient bone altar of Kikubaaqudgha.
    41 | D        | Found a broken altar of Ashenzari.
    43 | D        | Became a worshipper of Sif Muna the Loreminder
    84 | D        | Reached skill level 5 in Earth Magic
    84 | D        | Reached XP level 2. HP: 13/13 MP: 1/6
   330 | D        | Reached * piety under Sif Muna
   543 | D        | Reached ** piety under Sif Muna
   591 | D        | Reached XP level 3. HP: 16/16 MP: 4/8
   595 | D        | Learned a level 3 spell: Stone Arrow
   854 | D        | Reached *** piety under Sif Muna
   875 | D        | Reached skill level 1 in Conjurations
  1214 | D        | Noticed a brain worm
  1252 | D        | Reached XP level 4. HP: 21/21 MP: 6/9
  1507 | D        | Reached **** piety under Sif Muna
  1740 | D        | Noticed a sky beast
  1746 | D        | Killed a brain worm
  1747 | D        | Reached XP level 5. HP: 24/24 MP: 4/10
  2082 | D        | Killed a sky beast
  2224 | D        | Reached XP level 6. HP: 28/28 MP: 4/11
  2713 | D        | Noticed a sky beast
  2717 | D        | Reached ***** piety under Sif Muna
  2737 | D        | Killed a sky beast
  2738 | D        | Reached skill level 10 in Earth Magic
  2738 | D        | Reached XP level 7. HP: 32/32 MP: 0/12
  2755 | D        | Noticed a shadow
  2792 | D        | Killed a shadow
  2792 | D        | Received a gift from Sif Muna
  2793 | D        | Got Sif Muna's Grimoire of the Scorpion {god gift}
  3037 | D        | Learned a level 4 spell: Petrify
  3062 | D        | Noticed a merfolk
  3191 | D        | Killed a merfolk
  3647 | D        | Noticed a shadow
  3647 | D        | Noticed a six-headed hydra
  3827 | D        | Killed a shadow
  3827 | D        | Received a gift from Sif Muna
  3828 | D        | Reached skill level 5 in Spellcasting
  3828 | D        | Reached XP level 8. HP: 26/36 MP: 0/17
  3848 | D        | Got Sif Muna's Octavo of the Atmospheric Tundra {god gift}
  3853 | D        | Learned a level 3 spell: Mephitic Cloud
  3858 | D        | Learned a level 4 spell: Brom's Barrelling Boulder
  3946 | D        | Killed a six-headed hydra
  3947 | D        | Reached skill level 10 in Conjurations
  4266 | D        | Noticed a molten gargoyle
  4303 | D        | Killed a molten gargoyle
  4303 | D        | Reached ****** piety under Sif Muna
  4304 | D        | Reached XP level 9. HP: 45/45 MP: 9/21
  4384 | D        | Received a gift from Sif Muna
  4582 | D        | Noticed a red devil
  4605 | D        | Reached skill level 5 in Fighting
  4606 | D        | Killed a red devil
  5327 | D        | Noticed a gargoyle
  5346 | D        | HP: 1/50 [gargoyle/stone arrow (21)]
  5349 | D        | Killed a gargoyle
  5812 | D        | Noticed an eight-headed hydra
  5842 | D        | Killed an eight-headed hydra
  5842 | D        | Received a gift from Sif Muna
  5843 | D        | Reached skill level 7 in Stealth
  5843 | D        | Got Sif Muna's Octavo of Fulmination {god gift}
  6313 | D        | Noticed an ice devil
  6313 | D        | Noticed a guardian mummy
  6315 | D        | Killed an ice devil
  6316 | D        | Reached skill level 5 in Short Blades
  6316 | D        | Reached skill level 8 in Stealth
  6316 | D        | Reached XP level 10. HP: 55/55 MP: 16/23
  6333 | D        | Reached skill level 9 in Stealth
  6607 | D        | Noticed a gargoyle
  6611 | D        | Killed a gargoyle
  6612 | D        | Reached skill level 10 in Stealth
  6783 | D        | Noticed a deep elf zephyrmancer
  6783 | D        | Noticed a six-headed hydra
  6795 | D        | Reached skill level 11 in Stealth
  7208 | D        | Noticed an alligator snapping turtle
  7234 | D        | Killed a deep elf zephyrmancer
  7234 | D        | Received a gift from Sif Muna
  7235 | D        | Reached skill level 12 in Stealth
  7721 | D        | Killed a six-headed hydra
  7722 | D        | Reached skill level 13 in Stealth
  8155 | D        | Reached skill level 14 in Stealth
  8166 | D        | Killed an alligator snapping turtle
  8167 | D        | Reached skill level 10 in Short Blades
  8167 | D        | Reached skill level 16 in Stealth
  8486 | D        | Noticed Grum
  8486 | D        | Noticed a cyclops
  8486 | D        | Noticed a lindwurm
  8498 | D        | Reached skill level 17 in Stealth
  8498 | D        | Received a gift from Sif Muna
  8499 | D        | Got Sif Muna's Tractate on the Hindering Lithosphere {god
                  | gift}
  8516 | D        | Killed a cyclops
  8517 | D        | Reached skill level 18 in Stealth
  8561 | D        | Noticed Polyphemus
  8601 | D        | Killed Polyphemus
  8602 | D        | Reached XP level 11. HP: 23/60 MP: 11/24
  8646 | D        | Killed a lindwurm
  9051 | D        | Killed Grum
  9062 | D        | Received a gift from Sif Muna
  9063 | D        | Reached skill level 10 in Dodging
  9072 | D        | Learned a level 5 spell: Lee's Rapid Deconstruction
  9078 | D        | Learned a level 5 spell: Iskenderun's Battlesphere
  9333 | D        | Learned a level 1 spell: Magic Dart
  9378 | D        | Noticed a flayed ghost
  9449 | D        | Killed a flayed ghost
 10238 | D        | Received a gift from Sif Muna
 11148 | D        | Noticed a deep troll
 11163 | D        | Killed a deep troll
 11219 | D        | Received a gift from Sif Muna
 11220 | D        | Got Meggoah's Parchment of Amalgamated Dislocation {god
                  | gift}
 11591 | D        | Noticed a two-headed ogre
 11597 | D        | Killed a two-headed ogre
 12127 | D        | Noticed a minotaur
 12144 | D        | Demolished by a minotaur

Illustrated notes

Levels and vault maps discovered:
D:        pitsprint [storerooms_1, entrance_room_1, metal_vault_2, armoury_1,
          mini_pit_1, grid_room_1, main_hall_1, silver_pit, the_coven_1,
          the_vestibule_1, steel_vault_2, golden_pit, hallway_of_sentries,
          crystal_vault_2, iron_vault_4, final_vault]

Skill      XL: |  1  2  3  4  5  6  7  8  9 10 11 |
---------------+----------------------------------+-----
Earth Magic    | 5 7 8 9 10 11 12 13 | 13.2
Conjurations   | 1 4 6 8 9 10 11 12 | 12.0
Spellcasting   | 5 7 8 9 |  9.0
Alchemy        | 4 6 7 8 |  8.0
Fighting       | 4 7 8 |  8.0
Short Blades   | 5 10 | 10.0
Stealth        | 8 18 | 18.0
Dodging        | 6 12 | 12.0

Action                     |  1- 3 |  4- 6 |  7- 9 | 10-12 || total
---------------------------+-------+-------+-------+-------++-------
  Melee: Dagger            |       |       |     8 |    19 ||    27
         Punch             |       |       |       |     1 ||     1
   Cast: Sandblast         |    36 |    15 |    37 |    14 ||   102
         Stone Arrow       |       |     7 |    38 |    77 ||   122
         Brom's Barrelling |       |       |     1 |       ||     1
         Petrify           |       |       |     1 |    19 ||    20
         Magic Dart        |       |       |       |    17 ||    17
         Iskenderun's Batt |       |       |       |     4 ||     4
         Lee's Rapid Decon |       |       |       |     2 ||     2
    Use: Potion            |     2 |       |     3 |     7 ||    12
         Scroll            |       |       |       |     1 ||     1
   Stab: Petrified         |       |       |     8 |     8 ||    16
         Sleeping          |       |       |       |     3 ||     3
         Invisible         |       |       |       |     1 ||     1
         Petrifying        |       |       |       |     1 ||     1
 Armour: Robe              |     5 |       |    12 |    25 ||    42
  Dodge: Dodged            |     9 |     6 |    17 |    71 ||   103

Table legend: (Time is in decaauts) A = Elapsed time spent in this place. B = Non-inter-level travel time spent in this place. C = Inter-level travel time spent in this place. D = Time resting spent in this place. E = Time spent auto-exploring this place. F = Levels seen in this place. G = Mean time per level. A B C D E F G +--------+--------+--------+--------+--------+-----+--------+ Total | 11510 | 11480 | 30 | 10014 | 0 | 1 | 11510.0 | Dungeon | 11510 | 11480 | 30 | 10014 | 0 | 1 | 11510.0 | +--------+--------+--------+--------+--------+-----+--------+

Top non-repeatable levels by time:
       D: 11510 daAuts
